 Dungeon Crawl Stone Soup version 0.31-a0-542-gdc2a67831c (console) character file.

Game seed: 13738037023816511045

18 Lexodia the Cudgeller (level 2, 0/31 HPs)
             Began as an Ogre Gladiator on Aug 14, 2023.
             Succumbed to a kobold's poison
             ... on level 2 of the Dungeon.
             The game lasted 00:01:02 (309 turns).

Lexodia the Cudgeller (Ogre Gladiator)               Turns: 309, Time: 00:01:03

Health: 0/31       AC:  3    Str: 17    XL:     2   Next: 66%
Magic:  2/2        EV: 10    Int:  9    God:
Gold:   18         SH:  0    Dex: 10    Spells: 1/1 levels left

rFire   . . .        a - +0 flail
rCold   . . .        (no shield)
rNeg    . . .        b - +0 robe
rPois   .            c - +0 hat
rElec   .            (no cloak)
rCorr   .            (gloves unavailable)
SInv    .            (boots unavailable)
Will    .....        (no amulet)
Stlth   +            (no ring)
HPRegen 0.25/turn    (no ring)
MPRegen 0.08/turn

%: no passive effects
@: lethally poisoned (0 -> -1)
A: large, unfitting armour, tough skin 1
a: no special abilities


You were on level 2 of the Dungeon.
You visited 1 branch of the dungeon, and saw 2 of its levels.

You collected 18 gold pieces.

Inventory:

Hand Weapons
 a - a +0 flail (weapon)
Missiles
 d - 3 throwing nets (quivered)
 e - a large rock
 f - 4 poisoned darts
Armour
 b - a +0 robe (worn)
 c - a +0 hat (worn)


   Skills:
 + Level 3.0 Fighting
 * Level 3.0 Maces & Flails
 + Level 2.2 Throwing
 + Level 2.9 Dodging


You had one spell level left.
You didn't know any spells.
Your spell library was empty.

Dungeon Overview and Level Annotations

Branches:
Dungeon (2/15)

Altars:


Innate Abilities, Weirdness & Mutations

You are too large for most types of armour.
You have tough skin. (AC +1)


Message History

You feel very sick. The bat hits you but does no damage.
Huge Dmg: -10%(-3hp) hp: 36%(11hp)
You closely miss the kobold.
* * * LOW HITPOINT WARNING * * *
You feel very sick. The bat hits you but does no damage.
The kobold barely misses you.
Huge Dmg: -10%(-3hp) hp: 26%(8hp)
You closely miss the kobold.
* * * LOW HITPOINT WARNING * * *
You feel very sick. The bat closely misses you. The kobold barely misses you.
Huge Dmg: -6%(-2hp) hp: 20%(6hp)
You hit the kobold.
You kill the kobold!
* * * LOW HITPOINT WARNING * * *
You feel sick. The bat barely misses you.
An adder comes into view.
Huge Dmg: -7%(-2hp) hp: 13%(4hp) Unknown command.
Press: ? - help, v - describe, . - travel, g - get item
Here: a goblin, wielding a +0 dagger
Items here: a +2 short sword of venom; 3 stones.
The floor.
* * * LOW HITPOINT WARNING * * *
You feel sick. The bat closely misses you.
Huge Dmg: -3%(-1hp) hp: 10%(3hp)
As you read the scroll labelled LOCOMIUJANU, it crumbles to dust.
You assume a fearsome visage.
The goblin looks frightened!
The adder looks frightened!
The bat looks frightened!
It was a scroll of fear.
* * * LOW HITPOINT WARNING * * *
You feel sick.
Huge Dmg: -3%(-1hp) hp: 7%(2hp) Unknown command.
* * * LOW HITPOINT WARNING * * *
You feel sick.
* * * LOW HITPOINT WARNING * * *
You feel sick.
Huge Dmg: -3%(-1hp) hp: 4%(1hp)
You die...

..... ..
..##.#.....#.....#
.....##.
##.###.###.#########
......#. #..##...##.#
........ #.##..#..#.#
....S...###b##.###.#.#
.....g.#....#..###...#
..#..#...#....##....†####
.......))..###...#......#
.......###...@...#......#
....##. #####.#........#
... .g #.###......# . ...
..# #......# ...# ##
######## .... ....g


There were no monsters in sight!

Vanquished Creatures
  2 ball pythons
  2 endoplasms (D:1)
  A goblin (D:2)
  A hobgoblin (D:1)
  2 kobolds
  A quokka (D:2)
  5 bats
  2 frilled lizards (D:1)
16 creatures vanquished.

Notes
Turn   | Place    | Note
-------+----------+-------------------------------------------
     0 | D:1      | Lexodia the Ogre Gladiator began the quest for the Orb.
     0 | D:1      | Reached XP level 1. HP: 22/22 MP: 1/1
   161 | D:1      | Reached XP level 2. HP: 27/29 MP: 2/2
   231 | D:1      | You fall into a shaft and drop 1 floor!
   300 | D:2      | Huge Dmg: 8 dmg
   302 | D:2      | Huge Dmg: 3 dmg
   303 | D:2      | Huge Dmg: 3 dmg
   304 | D:2      | Huge Dmg: 2 dmg
   305 | D:2      | Huge Dmg: 2 dmg
   306 | D:2      | Huge Dmg: 1 dmg
   307 | D:2      | Huge Dmg: 1 dmg
   308 | D:2      | HP: 1/31 [poisoned by a kobold]
   309 | D:2      | Huge Dmg: 1 dmg
   309 | D:2      | Succumbed to a kobold's poison

Illustrated notes

Levels and vault maps discovered:
D:1:      scummos_arrival_star, layout_rooms
D:2:      minmay_chambers_of_twos, layout_rooms, serial_shops,
          nicolae_shop_bloodbath_and_beyond

Skill      XL: |  1  2 |
---------------+-------+-----
Fighting       | 3 |  3.0
Maces & Flails | 3 |  3.0
Throwing       | |  2.2
Dodging        | |  2.9

Action                     || total
---------------------------++-------
  Melee: Flail             ||    57
    Use: Scroll            ||     1
 Armour: Robe              ||    34
  Dodge: Dodged            ||    65

Table legend: (Time is in decaauts)
 A = Elapsed time spent in this place.
 B = Non-inter-level travel time spent in this place.
 C = Inter-level travel time spent in this place.
 D = Time resting spent in this place.
 E = Time spent auto-exploring this place.
 F = Levels seen in this place.
 G = Mean time per level.
                   A        B        C        D        E       F      G
               +--------+--------+--------+--------+--------+-----+--------+
         Total |    324 |    324 |      0 |      0 |    165 |   2 |  162.0 |
       Dungeon |    324 |    324 |      0 |      0 |    165 |   2 |  162.0 |
               +--------+--------+--------+--------+--------+-----+--------+

Top non-repeatable levels by time:
     D:1: 237 daAuts
     D:2: 86 daAuts
